 Dungeon Crawl Stone Soup version 0.31-a0-1616-gbeaec30b81 (webtiles) character file.

Game seed: 10506660499786641880

95 shadizar the Trooper (level 4, -1/30 HPs)
             Began as a Gargoyle Fighter on Jan 10, 2024.
             Killed by divine providence
             ... invoked by an orc priest
              (14 damage)
             ... on level 3 of the Dungeon.
             The game lasted 00:01:45 (1666 turns).

shadizar the Trooper (Gargoyle Fighter)             Turns: 1666, Time: 00:01:45

Health: -1/30      AC: 14    Str: 22    XL:     4   Next: 66%
Magic:  4/4        EV:  8    Int:  8    God:
Gold:   151        SH:  4    Dex:  9    Spells: 3/3 levels left

rFire   . . .        a - +0 flail
rCold   . . .        c - +0 buckler
rNeg    + . .        j - +0 chain mail
rPois   ∞            (no helmet)
rElec   +            (no cloak)
rCorr   .            l - +0 pair of gloves
SInv    .            (no boots)
Will    .....        (no amulet) Stlth
                     (no ring)
HPRegen 0.25/turn    (no ring)
MPRegen 0.09/turn

%: no passive effects
@: no status effects
A: sickness immunity, AC +3, negative energy resistance 1, electricity
resistance, torment resistance 1, petrification resistance
a: no special abilities


You were on level 3 of the Dungeon.
You visited 1 branch of the dungeon, and saw 3 of its levels.

You collected 151 gold pieces.

Inventory:

Hand Weapons
 a - a +0 flail (weapon)
Armour
 b - a +0 scale mail
 c - a +0 buckler (worn)
 j - a +0 chain mail (worn)
 l - a +0 pair of gloves (worn)
Scrolls
 f - a scroll of acquirement {unknown}
 g - 3 scrolls of identify {unknown}
 h - 2 scrolls of fog {unknown}
 k - 2 scrolls of teleportation {unknown}
Potions
 d - a potion of might
 e - a potion of curing {unknown}
 i - 2 potions of mutation {unknown}
 m - 4 potions of heal wounds {unknown}


   Skills:
 * Level 4.4 Fighting
 + Level 2.7 Maces & Flails
 + Level 3.9 Armour
 + Level 3.9 Shields


You had 3 spell levels left.
You didn't know any spells.
Your spell library contained the following spells:

 Spells                   Type           Power      Damage    Failure   Level
 Kiss of Death            Conj/Necr      0%         2d5       98%         1
 Confusing Touch          Hex            0%         N/A       100%        3
 Dispel Undead            Necr           0%         3d6       100%        4


Dungeon Overview and Level Annotations

Branches:
Dungeon (3/15)

Altars:
Ashenzari

Shops:
D:2 [


Innate Abilities, Weirdness & Mutations

You are immune to sickness and miasma.
Your stone body is resilient. (AC +3)
You are immune to poison.
You resist negative energy. (rN+)
You are resistant to electric shocks. (rElec)
You are resistant to unholy torment.
You are immune to petrification.


Message History

You hit the rat.
You kill the rat!
No target in view!
No target in view!
No target in view!
m - 4 black potions (gained 1)
An orc and a ball python come into view.
The orc shouts!
The ball python hisses angrily.
You hear a shout!
The orc moves out of view.
A ball python is nearby!
An orc priest comes into view. It is wielding a +0 hand axe.
You barely miss the ball python. The ball python closely misses you.
You block the ball python's attack.
You barely miss the ball python.
The ball python bites you but does no damage.
The ball python grabs you. The ball python constricts you.
The orc priest mumbles some strange prayers to Beogh against you.
Beogh smites you!
The ball python bites you but does no damage.
The ball python constricts you.
You escape the ball python's grasp.
The orc priest begins to cast a cantrip, but forgets the words!
The orc hits you but does no damage.
The ball python attacks as it pursues you!
The ball python barely misses you. The ball python grabs you.
The ball python constricts you.
You escape the ball python's grasp.
The ball python attacks as it pursues you!
You block the ball python's attack. The ball python grabs you.
The ball python constricts you.
You escape the ball python's grasp.
The orc priest invokes the aid of Beogh against you.
Beogh smites you!
The ball python bites you but does no damage.
The ball python barely misses you.
The ball python bites you but does no damage.
The ball python closely misses you.
The orc priest mumbles some strange prayers to Beogh against you.
Beogh smites you!
You die...

.## #. .# .. ........ .# ..
#.#.#. .. ..## .... .. ...##
#### #.### .# #... ..#
##...##.# ...# #.###..oS...#
#..#####.##.....@..#
.........o.........#
....####...[.......############
....######.#......###..........
......................#†#######
o..................#.###.##
.#########.##..###..##
##.###### .# #.##..# #.##
##.....# .# #.##..###..##
##.####.#


You could see an orc priest, an orc and a ball python.

Vanquished Creatures
  A jelly (D:3)
  An adder (D:3)
  2 dart slugs
  2 ribbon worms
  4 endoplasms
  A giant cockroach (D:2)
  2 goblins (D:1)
  A hobgoblin (D:2)
  9 jackals
  A quokka (D:1)
  4 ball pythons
  7 bats
  3 frilled lizards (D:1)
  2 kobolds
  5 rats
45 creatures vanquished.

Notes
Turn   | Place    | Note
-------+----------+-------------------------------------------
     0 | D:1      | shadizar the Gargoyle Fighter began the quest for the Orb.
     0 | D:1      | Reached XP level 1. HP: 14/14 MP: 1/1
   186 | D:1      | Reached XP level 2. HP: 19/19 MP: 2/2
   679 | D:1      | Reached XP level 3. HP: 24/24 MP: 3/3
   935 | D:2      | Found Ehaumej's Antique Armour Shop.
  1126 | D:2      | Reached skill level 4 in Fighting
  1288 | D:2      | Found a broken altar of Ashenzari.
  1599 | D:3      | Reached XP level 4. HP: 29/29 MP: 4/4
  1666 | D:3      | Killed from afar by an orc priest

Illustrated notes

Levels and vault maps discovered:
D:1:      dpeg_arrival_boxorama, layout_basic, minmay_hexomino_p4
D:2:      layout_loops_cross, serial_shops, nicolae_shop_back_alley_shop,
          basic_altar
D:3:      layout_loops_ring

Skill      XL: |  1  2  3 |
---------------+----------+-----
Fighting       | 4 |  4.4
Maces & Flails | |  2.7
Armour         | |  3.9
Shields        | |  3.9

Action                     |  1- 3 |  4- 6 || total
---------------------------+-------+-------++-------
  Melee: Flail             |   162 |    11 ||   173
 Armour: Scale mail        |    41 |       ||    41
         Chain mail        |   147 |     9 ||   156
  Dodge: Dodged            |   106 |     8 ||   114
  Block: Buckler           |    48 |     2 ||    50

Table legend: (Time is in decaauts)
 A = Elapsed time spent in this place.
 B = Non-inter-level travel time spent in this place.
 C = Inter-level travel time spent in this place.
 D = Time resting spent in this place.
 E = Time spent auto-exploring this place.
 F = Levels seen in this place.
 G = Mean time per level.
                   A        B        C        D        E       F      G
               +--------+--------+--------+--------+--------+-----+--------+
         Total |   1720 |   1695 |     25 |      0 |   1257 |   3 |  573.3 |
       Dungeon |   1720 |   1695 |     25 |      0 |   1257 |   3 |  573.3 |
               +--------+--------+--------+--------+--------+-----+--------+

Top non-repeatable levels by time:
     D:1: 902 daAuts
     D:2: 709 daAuts
     D:3: 109 daAuts
